 Dungeon Crawl Stone Soup version 0.27-a0-1502-g47ed6a6988 (webtiles) character file.

Game seed: 662364380856939382

7668 Demosthentine the Spear-Bearer (level 11, -3/89 HPs)
             Began as a Merfolk Gladiator on July 9, 2021.
             Was a Priest of the Shining One.
             Slain by a death yak (15 damage)
             ... on level 8 of the Dungeon.
             The game lasted 00:09:49 (11513 turns).

Demosthentine the Spear-Bearer (Merfolk Gladiator) Turns: 11513, Time: 00:09:50

Health: -3/89      AC: 12    Str: 16    XL:     11   Next: 18%
Magic:  11/11      EV: 23    Int:  7    God:    the Shining One [***...]
Gold:   1437       SH:  0    Dex: 18    Spells: 10/10 levels left

rFire    . . .     SeeInvis .   a - +1 trident
rCold    . . .     Faith    .   (no shield)
rNeg     + . .     Spirit   .   x - +0 steam dragon scales
rPois    +         Reflect  .   c - +0 helmet
rElec    .         Harm     .   C - +1 cloak {rPois}
rCorr    .         Rampage  .   m - +0 pair of gloves
Will     +....                  A - +0 pair of boots
Stlth    +.........             e - amulet of the acrobat
HPRegen  0.24/turn              t - ring of willpower
MPRegen  0.12/turn              u - +4 ring of evasion

@: glowing
A: (nimble swimmer 2), mertail
a: Renounce Religion, Divine Shield


You were on level 8 of the Dungeon.
You worshipped the Shining One.
The Shining One was most pleased with you.
You visited 2 branches of the dungeon, and saw 10 of its levels.
You also visited: Ossuary.

You collected 1437 gold pieces.

Inventory:

Hand Weapons
 a - a +1 trident (weapon)
Missiles
 d - 3 throwing nets (quivered)
 r - 2 curare-tipped darts
Armour
 c - a +0 helmet (worn)
 m - a +0 pair of gloves (worn)
 x - +0 steam dragon scales (worn)
 A - a +0 pair of boots (worn)
 C - a +1 cloak of poison resistance (worn)
Jewellery
 e - an amulet of the acrobat (around neck)
 t - a ring of willpower (left hand)
 u - a +4 ring of evasion (right hand)
Wands
 n - a wand of iceblast (13)
 s - a wand of flame (34)
 w - a wand of polymorph (5)
 y - a wand of paralysis (11)
 z - a wand of mindburst (15)
Scrolls
 b - a scroll of enchant weapon
 o - 2 scrolls of enchant armour
 q - 4 scrolls of amnesia
 B - 5 scrolls of teleportation
Potions
 f - 3 potions of heal wounds
 g - 4 potions of curing
 h - a potion of attraction
 i - a potion of brilliance
 j - 2 potions of lignification
 k - 4 potions of mutation
 l - a potion of magic
 p - 2 potions of haste {unknown}
 v - a potion of flight
 D - a potion of invisibility
 F - 2 potions of resistance


   Skills:
 + Level 9.6 Fighting
 + Level 12.4 Polearms
 - Level 2.0 Throwing
 + Level 6.4 Armour
 + Level 11.6 Dodging


You had 10 spell levels left.
You didn't know any spells.
Your spell library contained the following spells:

 Spells                   Type           Power      Damage    Failure   Level
 Shock                    Conj/Air       0%         1d3       43%         1
 Summon Small Mammal      Summ           0%         N/A       43%         1
 Ensorcelled Hibernation  Hex/Ice        0%         N/A       56%         2
 Passwall                 Tmut/Erth      0%         N/A       56%         2
 Slow                     Hex            0%         N/A       56%         2
 Call Canine Familiar     Summ           0%         N/A       80%         3
 Confusing Touch          Hex            0%         N/A       80%         3
 Dazzling Flash           Conj/Hex       0%         N/A       80%         3
 Spider Form              Tmut/Pois      0%         N/A       80%         3
 Summon Guardian Golem    Hex/Summ       0%         N/A       80%         3
 Swiftness                Air            0%         N/A       80%         3
 Airstrike                Air            0%         N/A       99%         4
 Passage of Golubria      Tloc           N/A        N/A       99%         4
 Summon Lightning Spire   Summ/Air       0%         N/A       99%         4
 Agony                    Necr           0%         N/A       100%        5
 Lightning Bolt           Conj/Air       0%         1d11      100%        5
 Silence                  Hex/Air        0%         N/A       100%        5
 Yara's Violent Unravell  Hex/Tmut       0%         3d3       100%        5
 Invisibility             Hex            0%         N/A       100%        6
 Shadow Creatures         Summ           N/A        N/A       100%        6
 Lehudib's Crystal Spear  Conj/Erth      0%         10d2      100%        8


Dungeon Overview and Level Annotations

Branches:
Dungeon (9/15)             Temple (1/1) D:5            Lair (0/6) D:9
    Orc (0/2) D:9         Ossuary (visited)

Altars:
Ashenzari
Cheibriados
Dithmenos
Elyvilon
Fedhas
Gozag
Hepliaklqana
Kikubaaqudgha
Makhleb
Nemelex Xobeh
Okawaru
Qazlal
Ru
Sif Muna
Trog
Uskayaw
Wu Jian
Xom
Yredelemnul
Zin
The Shining One
Beogh

Shops:
D:2 :


Innate Abilities, Weirdness & Mutations

((You are quick and stealthy near water. (Stealth+, EV+, Speed+++)))
Your lower body shifts to a powerful aquatic tail in water.


Message History

You are too injured to fight recklessly!
You are too injured to fight recklessly!
You are too injured to fight recklessly!
You hit the death yak but do no damage.
The death yak is heavily wounded.
You hit the death yak but do no damage.
The death yak is heavily wounded.
The death yak completely misses you.
You hit the death yak.
The death yak is severely wounded.
The death yak gores you but does no damage.
You puncture the death yak!
The death yak is severely wounded.
You hit the death yak but do no damage.
The death yak is severely wounded.
The death yak completely misses you.
You hit the death yak but do no damage.
The death yak is severely wounded.
The death yak barely misses you.
You puncture the death yak!
The death yak is almost dead.
The death yak gores you!
You hit the death yak but do no damage.
The death yak is almost dead.
You puncture the death yak!
The death yak is almost dead.
The death yak gores you.
You hit the death yak but do no damage.
The death yak is almost dead.
The death yak gores you!
* * * LOW HITPOINT WARNING * * *
You hit the death yak but do no damage.
The death yak is almost dead.
You hit the death yak but do no damage.
The death yak is almost dead.
The death yak closely misses you.
You hit the death yak but do no damage.
The death yak is almost dead.
The death yak gores you!
You die...

.........# #.# #.# .........####
#.# #.# ............#
######.###.####### .........##.#
#.................
.........##.####.###.)....#.###..
##....#........#.###..###.#.# #..
##.####......#.#..........#.# #.#
#............#.#..#...#####.# #.#
..........[)....@Y..#.# #.# #.#
#..####.###..#.#....#.#####.# #.#
#..# #......#.#....#.#.....###.#
...####.###.##.#......#.......†..
....................###.#########
..###.#.###.##.#...## #.#
.#.#.#.#.#.#.#.#.#.# #.#
#)#.#.#.#.#.#.#.#.## #.#
.#.#.#.#.#.#.#.#.#.# #.#


You could see a death yak.

Vanquished Creatures
  Erica (D:8)
  4 death yaks
  2 hornets (D:9)
  Grinder (D:3)
  A shadow (D:8)
  2 wraiths
  2 steam dragons
  2 sky beasts
  A necrophage (D:8)
  2 ogres (D:6)
  2 centaurs
  2 kobold brigands
  4 bullfrogs
  2 scorpions (D:6)
  A gnoll sergeant (D:7)
  A water moccasin zombie (D:6)
  4 killer bees (D:8)
  10 wights
  A vampire bat (D:3)
  A howler monkey (D:5)
  A bullfrog zombie (D:6)
  4 centaur zombies
  4 human zombies (Ossuary)
  Crazy Yiuf (D:3)
  2 centaur skeletons
  6 orc priests
  A bullfrog skeleton (D:5)
  2 hounds
  A gnoll shaman (D:7)
  Ijyb (D:3)
  Terence (D:3)
  8 orc wizards
  2 hound zombies (Ossuary)
  A hound skeleton (D:5)
  4 mummies (Ossuary)
  2 howler monkey zombies
  Robin (D:3)
  11 gnolls
  6 adders
  A shadow imp (D:7)
  2 white imps
  An adder zombie (D:5)
  An adder skeleton (D:2)
  4 worms
  3 fire bats (D:3)
  21 orcs
  2 spectral bats (D:3)
  5 ball pythons
  3 bat skeletons (D:3)
  A bat zombie (D:3)
  5 endoplasms
  3 giant cockroaches
  10 goblins (D:3)
  7 hobgoblins
  2 jackals (D:3)
  16 kobolds
  4 quokkas
  14 bats
  A bat simulacrum (D:3)
  3 frilled lizards (D:3)
  A gnoll zombie (Ossuary)
  A goblin zombie (Ossuary)
  A hobgoblin zombie (Ossuary)
  2 orc zombies (Ossuary)
  6 rats
  A rat zombie (Ossuary)
  A butterfly (D:5)
227 creatures vanquished.

Notes
Turn   | Place    | Note
-------+----------+-------------------------------------------
     0 | D:1      | Demosthentine the Merfolk Gladiator began the quest for the
                  | Orb.
     0 | D:1      | Reached XP level 1. HP: 16/16 MP: 1/1
   208 | D:1      | Reached XP level 2. HP: 23/23 MP: 2/2
   463 | D:1      | Found a faded altar of an unknown god.
   471 | D:1      | Reached XP level 3. HP: 19/28 MP: 3/3
   810 | D:1      | Identified a scroll of acquirement
   810 | D:1      | Acquired 892 gold pieces
   878 | D:2      | Reached skill level 5 in Polearms
   950 | D:2      | Reached skill level 1 in Armour
  1376 | D:2      | Reached XP level 4. HP: 26/35 MP: 4/4
  1467 | D:2      | Found Ziofoar's Book Shoppe.
  1735 | D:3      | Found a sacrificial altar of Ru.
  1737 | D:3      | Found a shadowy altar of Dithmenos.
  1745 | D:3      | Reached skill level 5 in Dodging
  1942 | D:3      | Noticed Ijyb
  1961 | D:3      | Killed Ijyb
  1962 | D:3      | Reached XP level 5. HP: 19/41 MP: 5/5
  2207 | D:3      | Noticed Robin
  2258 | D:3      | Killed Robin
  2487 | D:3      | Noticed Terence
  2493 | D:3      | Killed Terence
  2667 | D:3      | Found a runed translucent door.
  2668 | D:3      | Noticed Crazy Yiuf
  2725 | D:3      | Noticed Grinder
  2736 | D:3      | Killed Grinder
  2737 | D:3      | Reached skill level 6 in Polearms
  2737 | D:3      | Reached XP level 6. HP: 48/48 MP: 6/6
  2945 | D:3      | Reached XP level 7. HP: 51/55 MP: 7/7
  3088 | D:3      | Found a white marble altar of Elyvilon.
  3088 | D:3      | Found an opulent altar of Gozag.
  3089 | D:3      | Found a snail-covered altar of Cheibriados.
  3097 | D:3      | Became a worshipper of Elyvilon the Healer
  3195 | D:3      | Killed Crazy Yiuf
  3370 | D:4      | Reached skill level 7 in Polearms
  3506 | D:4      | Reached skill level 5 in Fighting
  4007 | D:4      | Reached * piety under Elyvilon
  4096 | D:5      | Entered Level 5 of the Dungeon
  4173 | D:5      | Reached XP level 8. HP: 62/62 MP: 8/8
  4482 | D:5      | Reached ** piety under Elyvilon
  4534 | D:5      | Found a staircase to the Ecumenical Temple.
  4565 | Temple   | Entered the Ecumenical Temple
  6132 | D:6      | Reached skill level 8 in Polearms
  6451 | D:6      | Reached skill level 9 in Polearms
  6690 | D:6      | Found a basalt altar of Yredelemnul.
  6707 | D:6      | Reached XP level 9. HP: 55/71 MP: 9/9
  6895 | D:6      | Reached *** piety under Elyvilon
  7263 | D:6      | Found a glowing silver altar of Zin.
  7263 | D:6      | Noticed an angel
  7407 | D:7      | Found a sand-covered staircase.
  7412 | Ossuary  | Entered an ossuary
  7670 | Ossuary  | Reached **** piety under Elyvilon
  7686 | Ossuary  | Reached skill level 10 in Polearms
  8507 | D:8      | Reached skill level 5 in Armour
  8719 | D:8      | Found an ancient bone altar of Kikubaaqudgha.
  8720 | D:8      | Found a broken altar of Ashenzari.
  8808 | D:8      | Found a glowing golden altar of the Shining One.
  8839 | D:8      | Reached skill level 10 in Dodging
  8839 | D:8      | Reached XP level 10. HP: 73/80 MP: 10/10
  8840 | D:8      | Fell from the grace of Elyvilon
  8840 | D:8      | Became a worshipper of the Shining One
  8840 | D:8      | Reached * piety under the Shining One
  8840 | D:8      | Reached ** piety under the Shining One
  9048 | D:8      | Noticed Erica
  9073 | D:8      | Killed Erica
  9074 | D:8      | Reached skill level 11 in Polearms
  9678 | D:9      | Found an ornate altar of the Wu Jian Council.
  9763 | D:9      | Found a staircase to the Orcish Mines.
  9830 | D:9      | Reached *** piety under the Shining One
 10085 | D:9      | Noticed a death yak
 10085 | D:9      | Noticed a death yak
 10089 | D:9      | Noticed a death yak
 10089 | D:9      | Noticed a death yak
 10103 | D:9      | Noticed a death yak
 10103 | D:9      | Noticed a death yak
 10108 | D:9      | Noticed a death yak
 10111 | D:9      | Killed a death yak
 10154 | D:8      | Killed a death yak
 10155 | D:8      | Reached skill level 12 in Polearms
 10169 | D:8      | Killed a death yak
 10170 | D:8      | Reached XP level 11. HP: 7/89 MP: 11/11
 10553 | D:9      | Found a staircase to the Lair.
 10866 | D:9      | Found a bloodstained altar of Trog.
 11084 | D:8      | Killed a death yak
 11513 | D:8      | Slain by a death yak

Illustrated notes

Levels and vault maps discovered:
D:1:      roderic_octagonal_star, layout_loops_ring,
          shapermc_ecumenical_altar_pompeii
D:2:      layout_rooms, serial_shops, shop
D:3:      layout_rooms, chequers_temple_overflow_statue_of_worship,
          gammafunk_temple_overflow_claw, goddamned_bats,
          uniq_crazy_yiuf_cottage, uniq_robin, uniq_ijyb, uniq_grinder,
          uniq_terence
D:4:      layout_rooms
D:5:      layout_layer_cave, minmay_temple_entry_butterflies
D:6:      layout_rooms, nicolae_yredelemnul_corpse_copse, zin_angel
D:7:      layout_rooms, enter_ossuary_5
D:8:      layout_basic, nicolae_overflow_crystal_walls,
          grunt_temple_overflow_open, uniq_erica
D:9:      layout_layer_cave, trog_three_pillars_becter,
          nzn_wu_jian_council_hall, dpeg_lair_monsters,
          minmay_orc_entry_temple_small, serial_glass, glass_columns_c,
          glass_columns_a
Temple:   jpeg_temple_island

Skill      XL: |  1  2  3  4  5  6  7  8  9 10 |
---------------+-------------------------------+-----
Polearms       | 5 6 7 9 10 12 | 12.4
Armour         | 1 2 3 4 5 6 |  6.4
Fighting       | 3 4 5 6 7 9 |  9.6
Dodging        | 5 6 7 8 10 11 | 11.6
Throwing       | |  2.0

Action                   |  1- 3 |  4- 6 |  7- 9 | 10-12 || total
-------------------------+-------+-------+-------+-------++-------
Melee: Trident           |    84 |   174 |   692 |   243 ||  1193
Throw: Throwing net      |       |       |     5 |     4 ||     9
  Use: Scroll            |     2 |     2 |    14 |     2 ||    20
       Potion            |       |       |       |     2 ||     2
 Stab: Sleeping          |     1 |       |     1 |       ||     2
       Held in net/web   |       |       |     1 |       ||     1
Armor: Leather armour    |    11 |    63 |    61 |       ||   135
       Steam dragon scal |       |       |    69 |    15 ||    84
Dodge: Dodged            |    37 |   189 |   508 |   103 ||   837

Table legend: (Time is in decaauts)
 A = Elapsed time spent in this place.
 B = Non-inter-level travel time spent in this place.
 C = Inter-level travel time spent in this place.
 D = Time resting spent in this place.
 E = Time spent auto-exploring this place.
 F = Levels seen in this place.
 G = Mean time per level.
                   A        B        C        D        E       F      G
               +--------+--------+--------+--------+--------+-----+--------+
         Total |  11179 |  11067 |    112 |    757 |   8260 |  11 | 1016.3 |
       Dungeon |  10529 |  10418 |    111 |    757 |   7795 |   9 | 1169.9 |
        Temple |    367 |    367 |      0 |      0 |    335 |   1 |  367.0 |
       Ossuary |    282 |    282 |      0 |      0 |    130 |   1 |  282.0 |
               +--------+--------+--------+--------+--------+-----+--------+

Top non-repeatable levels by time:
     D:8: 2034 daAuts
     D:3: 1621 daAuts
     D:5: 1353 daAuts
     D:6: 1260 daAuts
     D:9: 1031 daAuts
     D:2: 869 daAuts
     D:1: 852 daAuts
     D:7: 759 daAuts
     D:4: 746 daAuts
  Temple: 367 daAuts
 Ossuary: 282 daAuts
